 Dungeon Crawl Stone Soup version 0.22-a0-782-g038298e (webtiles) character file.

3112 Amnesiac the Digger (level 9, 0/64 HPs)
             Began as a Mummy Earth Elementalist on July 19, 2018.
             Was a Believer of Sif Muna.
             Slain by an ice beast (3 damage)
             ... on level 7 of the Dungeon.
             The game lasted 00:14:00 (7257 turns).

Amnesiac the Digger (Mummy Earth Elementalist)      Turns: 7257, Time: 00:14:01

Health: 0/64       AC:  7    Str: 11    XL:     9   Next: 60%
Magic:  0/29       EV: 15    Int: 17    God:    Sif Muna [**....]
Gold:   284        SH:  0    Dex: 13    Spells: 8/23 levels left

rFire    x x .     SeeInvis .   b - +3 short sword (drain)
rCold    + + .     Gourm    .   (no shield)
rNeg     + + +     Faith    .   l - +2 robe {MR+}
rPois    ∞         Spirit   .   s - +0 helmet
rElec    .         Reflect  .   r - +0 cloak
rCorr    .         Harm     .   o - +0 pair of gloves
MR       ++...                  (no boots)
Stlth    ++........             (no amulet)
HPRegen  0.20/turn              h - ring of magical power
MPRegen  0.21/turn              m - ring of ice

@: very slightly contaminated, no casting
A: no food or potions, fire vulnerability, cold resistance 1, negative energy
resistance 3, torment resistance, unbreathing
a: Stop Divine Energy, Renounce Religion


You were on level 7 of the Dungeon.
You worshipped Sif Muna.
Sif Muna was pleased with you.
You were not hungry.

You visited 1 branch of the dungeon, and saw 7 of its levels.

You collected 343 gold pieces.
You spent 59 gold pieces at shops.

Inventory:

Hand Weapons
 a - a +2 dagger of electrocution
 b - a +3 short sword of draining (weapon)
Missiles
 k - 85 stones (quivered)
Armour
 l - a +2 robe of magic resistance (worn)
 o - a +0 pair of gloves (worn)
 p - a +3 buckler
 r - a +0 cloak (worn)
 s - a +0 helmet (worn)
Jewellery
 h - a ring of magical power (left hand)
 m - a ring of ice (right hand)
 v - the ring "Raoqik" {rC+ MR+ Str+6}
   (You found it on level 7 of the Dungeon)

   [ring of protection from cold]

   It affects your strength (+6).
   It protects you from cold.
   It affects your resistance to hostile enchantments.
Wands
 f - a wand of flame (24)
 q - a wand of random effects (18)
 u - a wand of paralysis (10)
Scrolls
 c - a scroll of amnesia {!r}
 d - a scroll of magic mapping {!r, unknown}
 e - 3 scrolls of teleportation {!r}
 g - 4 scrolls of remove curse {!r}
 i - 2 scrolls of fog {!r}
 j - a scroll of blinking {!r}
 t - a scroll of silence {!r, unknown}


   Skills:
 - Level 3.5 Fighting
 - Level 5.3 Dodging
 - Level 1.5 Stealth
 + Level 3.0 Shields
 + Level 7.8 Spellcasting
 - Level 0.7 Transmutations
 * Level 7.8 Earth Magic


You had 8 spell levels left.
You knew the following spells:

 Your Spells              Type           Power        Failure   Level  Hunger
a - Sandblast             Erth           ####..       1%          1    N/A
b - Passwall              Tmut/Erth      ###.....     2%          2    N/A
c - Stone Arrow           Conj/Erth      ###...       6%          3    N/A
d - Lee's Rapid Deconstr  Erth           ####......   12%         5    N/A
e - Petrify               Tmut/Erth      ###.....     19%         4    N/A

Your spell library contained the following spells:

 Spells                   Type           Power        Failure   Level  Hunger
 Pain                     Necr           #...         11%         1    N/A

Dungeon Overview and Level Annotations

Branches:
Dungeon (7/15)
 Temple: D:4-7

Altars:
Ashenzari
Elyvilon
Hepliaklqana
Kikubaaqudgha
Makhleb
Qazlal
Sif Muna
Trog
Vehumet
Yredelemnul

Shops:
D:4 (

Annotations:
D:7 1 transporter


Innate Abilities, Weirdness & Mutations

You do not eat or drink.
Your flesh is vulnerable to fire.
You are immune to poison.
Your flesh is cold resistant. (rC+)
You are immune to negative energy. (rN+++)
You are immune to unholy pain and torment.
You can survive without breathing.


Message History

Unknown command.
The ice beast hits you but does no damage.
The ice beast completely misses you.
Casting: Lee's Rapid Deconstruction (slightly dangerous; 12% risk of failure)
Confirm with . or Enter, or press ? or * to list all spells.
Aiming: Lee's Rapid Deconstruction (slightly dangerous; 12% risk of failure)
Press: ? - help, Dir - move target cursor, f - ice beast Fragment what (e.g. wall or brittle monster)?: an ice beast (lightly wounded)
The ice beast shatters!
The ice beast is almost dead.
The icy blast hits the ice beast.
The ice beast partially resists.
The ice beast is severely wounded.
Sif Muna grants you divine energy.
You briefly lose access to your magic!
Unknown command.
You closely miss the ice beast.
The ice beast is almost dead.
The ice beast hits you but does no damage. x2
Your +2 dagger of electrocution stops crackling.
You sense an unholy aura.
b - a +3 short sword of draining (weapon)
The ice beast barely misses you.
You hit the ice beast but do no damage.
The ice beast is almost dead.
The ice beast barely misses you. The ice beast misses you.
The ice beast closely misses you.
You barely miss the ice beast.
The ice beast is almost dead.
The ice beast completely misses you.
The ice beast hits you but does no damage.
You hit the ice beast.
The ice beast is almost dead.
The ice beast hits you.
* * * LOW HITPOINT WARNING * * *
The ice beast freezes you. You resist.
* * * LOW HITPOINT WARNING * * *
The ice beast barely misses you.
You hit the ice beast.
You kill the ice beast!
Sif Muna accepts your kill.
Your Shields skill increases to level 3!
You regain access to your magic.
The ice beast hits you.
* * * LOW HITPOINT WARNING * * *
The ice beast freezes you. You resist.
* * * LOW HITPOINT WARNING * * *
Casting: Lee's Rapid Deconstruction (slightly dangerous; 12% risk of failure)
Confirm with . or Enter, or press ? or * to list all spells.
Aiming: Lee's Rapid Deconstruction (slightly dangerous; 12% risk of failure)
Press: ? - help, Dir - move target cursor A translucent stone wall.
The wall shatters!
The blast of rock fragments hits the ice beast.
The ice beast is severely wounded.
Sif Muna grants you divine energy.
You briefly lose access to your magic!
The ice beast hits you but does no damage.
Unknown command.
You puncture the ice beast!
The ice beast is almost dead.
The ice beast hits you.
* * * LOW HITPOINT WARNING * * *
The ice beast freezes you. You resist.
You die...

.#.###....##.#####
... #.©..##.# $#
#########.#
#§§§§§§§#.#
#§§§§§§§#.#
#§§#©#§§#..
#§§.!.§§###
#§§#.#§§#
#§§.Y@§§#
###§§§### §§§§§§§.
#§§§§§§§§§#
#§§§§§§§§§#
#§§§$![§§§#
#§§§%©(§§§#
###########


You could see an ice beast.

Vanquished Creatures
  The ghost of Zgarb the Caller, a novice TeSu of Ashenzari (D:6)
  A wolf spider simulacrum (D:7)
  2 centaur simulacra (D:7)
  Sigmund (D:3)
  A hungry ghost (D:6)
  A black bear (D:5)
  2 ice beasts (D:7)
  A sky beast (D:5)
  A phantom (D:6)
  3 ogres
  A centaur (D:6)
  A bullfrog (D:6)
  A hornet simulacrum (D:7)
  A scorpion (D:5)
  2 howler monkeys (D:6)
  A crimson imp (D:6)
  3 orc priests
  8 orc wizards
  Crazy Yiuf (D:3)
  2 hounds
  2 bullfrog skeletons
  Jessica (D:3)
  Terence (D:3)
  Natasha (thrice) (D:2 D:3)
  7 worker ants
  A hound zombie (D:6)
  4 gnolls (D:2)
  4 adders
  A shadow imp (D:6)
  An ooze (D:3)
  4 dart slugs
  2 leopard geckos
  12 orcs
  A ball python (D:2)
  A giant cockroach (D:6)
  8 goblins
  6 hobgoblins
  6 kobolds
  5 bats
  A frilled lizard (D:1)
  A quokka zombie (D:5)
  9 rats
  A spectral orc (D:5)
  A fungus (D:4)
118 creatures vanquished.

Notes
Turn   | Place    | Note
-------+----------+-------------------------------------------
     0 | D:1      | Amnesiac the Mummy Earth Elementalist began the quest for the Orb.
     0 | D:1      | Reached XP level 1. HP: 13/13 MP: 4/4
   119 | D:1      | Reached XP level 2. HP: 19/19 MP: 2/5
   123 | D:1      | Learned a level 2 spell: Passwall
   342 | D:2      | Noticed Natasha
   345 | D:2      | Killed Natasha
   345 | D:2      | Reached XP level 3. HP: 19/25 MP: 3/7
   438 | D:2      | Reached skill level 1 in Fighting
   733 | D:2      | Reached XP level 4. HP: 22/32 MP: 1/8
   785 | D:2      | Learned a level 4 spell: Petrify
   839 | D:3      | Found a bloodstained altar of Trog.
  1371 | D:4      | Found a white marble altar of Elyvilon.
  1413 | D:4      | Reached XP level 5. HP: 37/37 MP: 7/10
  1855 | D:5      | Entered Level 5 of the Dungeon
  1908 | D:5      | Noticed an ogre
  1917 | D:5      | Killed an ogre
  2110 | D:5      | Reached XP level 6. HP: 23/44 MP: 2/11
  2182 | D:5      | Learned a level 3 spell: Stone Arrow
  2868 | D:5      | Reached XP level 7. HP: 46/51 MP: 13/13
  2902 | D:4      | Found Yghamuz's Weapon Shop.
  2905 | D:4      | Bought 24 stones for 28 gold pieces
  2905 | D:4      | Bought 26 stones for 31 gold pieces
  3423 | D:5      | Learned a level 5 spell: Lee's Rapid Deconstruction
  3560 | D:5      | Found a basalt altar of Yredelemnul.
  3654 | D:6      | Found a radiant altar of Vehumet.
  3664 | D:6      | Reached skill level 5 in Earth Magic
  3685 | D:6      | Reached skill level 5 in Spellcasting
  3755 | D:6      | Found a shattered altar of Ashenzari.
  3766 | D:6      | Noticed a hungry ghost
  3769 | D:6      | Killed a hungry ghost
  3769 | D:6      | Reached XP level 8. HP: 56/58 MP: 15/15
  3873 | D:6      | Found an ancient bone altar of Kikubaaqudgha.
  3877 | D:6      | Found a deep blue altar of Sif Muna.
  3882 | D:6      | Became a worshipper of Sif Muna the Loreminder
  3985 | D:6      | Reached skill level 5 in Dodging
  4175 | D:3      | Found a hazy altar of Hepliaklqana.
  4187 | D:3      | Found a burning altar of Makhleb.
  4201 | D:3      | Noticed Terence
  4210 | D:3      | Killed Terence
  4223 | D:3      | Noticed Sigmund
  4274 | D:3      | Killed Sigmund
  4327 | D:2      | Found a stormy altar of Qazlal.
  4509 | D:1      | Reached * piety under Sif Muna
  5478 | D:3      | Noticed Natasha
  5526 | D:3      | Noticed Jessica
  5531 | D:3      | Killed Jessica
  5593 | D:3      | Found a runed door.
  5667 | D:3      | Noticed Crazy Yiuf
  5673 | D:3      | Killed Crazy Yiuf
  5897 | D:3      | Found a hazy altar of Hepliaklqana.
  5909 | D:3      | Found a burning altar of Makhleb.
  5983 | D:3      | Found a bloodstained altar of Trog.
  6102 | D:3      | Killed Natasha
  6107 | D:3      | Learned a level 1 spell: Sandblast
  6366 | D:3      | Noticed Natasha
  6372 | D:3      | Killed Natasha
  6571 | D:6      | Reached skill level 1 in Shields
  6791 | D:6      | Found a runed gate.
  6792 | D:6      | Found a runed gate.
  6792 | D:6      | Found a runed gate.
  6927 | D:6      | Reached XP level 9. HP: 64/64 MP: 19/19
  7012 | D:6      | Identified Kikubaaqudgha's Guide on Unholy Secrets
  7075 | D:6      | Noticed Zgarb's ghost (novice TeSu)
  7106 | D:6      | Killed Zgarb's ghost
  7163 | D:7      | Found a transporter.
  7166 | D:7      | Got a vibrating platinum ring
  7168 | D:7      | Identified the ring "Raoqik" {rC+ MR+ Str+6} (You found it on level 7 of the Dungeon)
  7234 | D:7      | Found a transporter.
  7236 | D:7      | Reached ** piety under Sif Muna
  7257 | D:7      | HP: 3/64 [ice beast (2)]
  7257 | D:7      | Slain by an ice beast

Vault maps used:
D:1:      scummos_arrival_checkerplants, minivault_11
D:2:      grunt_qazlal_sundering, uniq_natasha
D:3:      lemuel_round_altar, amethyst_overflow_temple_binary, first_ration,
          uniq_terence, uniq_jessica, uniq_crazy_yiuf_cottage, uniq_sigmund
D:4:      overflow_temple_1_default, serial_corexii_hall,
          corexii_hall_statues_l, corexii_hall_statues_x, serial_shops,
          kennysheep_mini_moat, minmay_gold_behind_fungi
D:5:      yredelemnul_forgotten_temple_becter
D:6:      palyth_temple_overflow_mages, lemuel_coloured_pillars_altar,
          ebering_ghost_rock_garden
D:7:      gammafunk_cloud_chamber, nicolae_tso_swordbearing_angel,
          kennysheep_mini, minmay_temple_entry_hall

Skill      XL: |  1  2  3  4  5  6  7  8  9 |
---------------+----------------------------+-----
Dodging        | 2 3 4 5 |  5.3
Spellcasting   | 3 4 5 6 7 |  7.8
Earth Magic    | 3 4 5 6 7 |  7.8
Fighting       | 1 2 3 |  3.5
Shields        | 1 3 |  3.0
Stealth        | |  1.5
Transmutations | |  0.7

Action                   |  1- 3 |  4- 6 |  7- 9 || total
-------------------------+-------+-------+-------++-------
Melee: Dagger            |    12 |    43 |    73 ||   128
       Short sword       |       |    23 |   157 ||   180
 Cast: Sandblast         |    23 |    56 |    58 ||   137
       Passwall          |       |     3 |     3 ||     6
       Stone Arrow       |       |     4 |     5 ||     9
       Lee's Rapid Decon |       |       |    14 ||    14
Invok: Divine Energy     |       |       |     1 ||     1
  Use: Scroll            |       |     7 |     5 ||    12
 Stab: Sleeping          |     1 |     1 |     6 ||     8
Armor: Robe              |     2 |    13 |    64 ||    79
Dodge: Dodged            |     6 |    68 |   201 ||   275

Table legend:
 A = Spawn XP
 B = Non-spawn XP
 C = Spawn XP percentage of total XP
 D = Spawn monster count
 E = Non-spawn monster count
 F = Spawn count percentage of total count
 G = Total turns spent on level
                    A         B        C        D         E        F      G
               +---------+---------+-------+---------+---------+-------+---------
         Total |       0 |    4447 |   0.0 |       0 |     117 |   0.0 |  7257
               +---------+---------+-------+---------+---------+-------+---------
           D:1 |       0 |      34 |   0.0 |       0 |      21 |   0.0 |  1070
           D:2 |       0 |     121 |   0.0 |       0 |      14 |   0.0 |   925
           D:3 |       0 |     554 |   0.0 |       0 |      28 |   0.0 |  1658
           D:4 |       0 |     205 |   0.0 |       0 |       7 |   0.0 |   974
           D:5 |       0 |     735 |   0.0 |       0 |      17 |   0.0 |  1449
           D:6 |       0 |    1741 |   0.0 |       0 |      24 |   0.0 |  1086
           D:7 |       0 |    1057 |   0.0 |       0 |       6 |   0.0 |    95
               +---------+---------+-------+---------+---------+-------+---------
